 Dungeon Crawl Stone Soup version 0.30-a0-279-g4b46babb21 (webtiles) character file.

Game seed: 17558201372666508692

470 purpskrrrp the Cleaver (level 6, -1/51 HPs)
             Began as a Minotaur Fighter on Oct 16, 2022.
             Was a Believer of Cheibriados.
             Slain by a gnoll
             ... wielding a +0 flail
              (8 damage)
             ... on level 5 of the Dungeon.
             The game lasted 00:03:40 (3345 turns).

purpskrrrp the Cleaver (Minotaur Fighter)           Turns: 3345, Time: 00:03:41

Health: -1/51      AC:  7    Str: 28    XL:     6   Next: 82%
Magic:  5/5        EV:  9    Int: 10    God:    Cheibriados [**....]
Gold:   179        SH:  5    Dex: 14    Spells: 5/5 levels left

rFire   . . .      SeeInvis .    a - +0 war axe
rCold   . . .      Faith    .    c - +0 buckler
rNeg    . . .      Spirit   .    b - +1 scale mail
rPois   .          Reflect  .    (helmet restricted)
rElec   .          Harm     .    (no cloak)
rCorr   .          Rampage  .    (no gloves)
Will    .....                    (no boots)
Stlth   ..........               (no amulet)
HPRegen 0.28/turn                (no ring)
MPRegen 0.09/turn                (no ring)

@: very slow
A: horns 2, retaliatory headbutt
a: Renounce Religion, Bend Time


You were on level 5 of the Dungeon.
You worshipped Cheibriados.
Cheibriados was pleased with you.
You visited 1 branch of the dungeon, and saw 5 of its levels.

You collected 179 gold pieces.

Inventory:

Hand Weapons
 a - a +0 war axe (weapon)
Armour
 b - a +1 scale mail (worn)
 c - a +0 buckler (worn)
Jewellery
 j - a ring of protection from cold
 q - a ring of wizardry
Wands
 n - a wand of flame (15)
Scrolls
 e - a scroll of magic mapping
 i - a scroll of immolation
Potions
 d - 2 potions of might
 f - 3 potions of haste {unknown}
 g - 3 potions of heal wounds {unknown}
 h - a potion of degeneration {unknown}
 k - a potion of attraction {unknown}
 l - 2 potions of curing {unknown}
 m - a potion of mutation {unknown}
 t - a potion of lignification {unknown}
 u - 4 potions of ambrosia


   Skills:
 - Level 3.6 Fighting
 + Level 9.0 Axes
 - Level 3.6 Armour
 - Level 3.6 Shields


You had 5 spell levels left.
You didn't know any spells.
Your spell library contained the following spells:

 Spells                   Type           Power      Damage    Failure   Level
 Necrotise                Necr           0%         1d4       71%         1
 Scorch                   Fire           0%         2d5       85%         2
 Vampiric Draining        Necr           0%         2d6       97%         3
 Flame Wave               Conj/Fire      0%         2d4       100%        4
 Agony                    Necr           0%         N/A       100%        5
 Summon Cactus Giant      Summ           0%         N/A       100%        6


Dungeon Overview and Level Annotations

Branches:
Dungeon (5/15)             Temple (0/1) D:4

Altars:
Cheibriados
Dithmenos
Vehumet

Shops:
D:2 *


Innate Abilities, Weirdness & Mutations

You have a pair of horns on your head.
You reflexively headbutt those who attack you in melee.


Message History

You block the gnoll's attack. The gnoll hits you with a +0 flail.
You slash the gnoll!
You kill the gnoll!
Cheibriados appreciates the change of pace.
You barely miss the gnoll.
The gnoll hits you from afar with a +0 halberd!
* * * LOW HITPOINT WARNING * * *
The gnoll hits you with a +0 flail.
* * * LOW HITPOINT WARNING * * *
Your Axes skill increases to level 9!
You are too injured to fight recklessly!
You are too injured to fight recklessly!
You are too injured to fight recklessly!
You are too injured to fight recklessly!
You are too injured to fight recklessly!
You are too injured to fight recklessly!
You are too injured to fight recklessly!
You are too injured to fight recklessly!
You are too injured to fight recklessly!
You are too injured to fight recklessly!
You are too injured to fight recklessly!
You are too injured to fight recklessly!
You are too injured to fight recklessly!
You are too injured to fight recklessly!
You are too injured to fight recklessly!
You are too injured to fight recklessly!
You are too injured to fight recklessly!
You are too injured to fight recklessly!
You are too injured to fight recklessly!
You are too injured to fight recklessly!
You are too injured to fight recklessly!
You completely miss the gnoll.
The gnoll is moderately wounded.
The gnoll hits you from afar with a +0 halberd.
* * * LOW HITPOINT WARNING * * *
The gnoll closely misses you.
You barely miss the gnoll.
The gnoll is moderately wounded.
You block the gnoll's attack. The gnoll hits you with a +0 flail!
You die...

#.......# .
#.......# ..
#......[# ...
#.......##
....####.........
.................
.....g)†.........
#..g@.........
#....#'#####.
#....#.....#
##+###.....#
#......# #......#
##.....+
######.....#
#...##.....#


You could see 2 gnolls.

Vanquished Creatures
  3 scorpions
  2 orc priests
  A jelly (D:5)
  3 iguanas
  2 gnolls (D:5)
  3 adders
  2 worms
  4 dart slugs
  6 orcs
  4 endoplasms
  3 giant cockroaches (D:2)
  A goblin (D:2)
  7 hobgoblins
  7 jackals (D:4)
  2 kobolds (D:3)
  6 quokkas
  5 ball pythons
  5 bats
  2 frilled lizards (D:2)
  4 rats
72 creatures vanquished.

Notes
Turn   | Place    | Note
-------+----------+-------------------------------------------
     0 | D:1      | purpskrrrp the Minotaur Fighter began the quest for the
                  | Orb.
     0 | D:1      | Reached XP level 1. HP: 19/19 MP: 0/0
   280 | D:1      | Reached skill level 3 in Axes
   424 | D:2      | Reached XP level 2. HP: 26/26 MP: 1/1
   498 | D:2      | Reached skill level 4 in Axes
   576 | D:2      | Reached XP level 3. HP: 27/31 MP: 2/2
  1164 | D:2      | Found Dineg's Assorted Antiques.
  1217 | D:2      | Reached skill level 5 in Axes
  1369 | D:3      | Found a radiant altar of Vehumet.
  1505 | D:3      | Reached XP level 4. HP: 39/39 MP: 3/3
  1508 | D:3      | Found a faded altar of an unknown god.
  1509 | D:3      | Noticed an eye of devastation
  1651 | D:3      | Noticed a floating eye
  1657 | D:3      | Noticed a shining eye
  1657 | D:3      | Noticed an eye of devastation
  1664 | D:3      | Prayed at the altar of an unknown god.
  1664 | D:3      | Became a worshipper of Cheibriados the Contemplative
  1664 | D:3      | Reached * piety under Cheibriados
  1763 | D:3      | Identified the +2 robe of Prudence {rElec rF- Str+4 Slay+4}
  1772 | D:3      | Reached skill level 6 in Axes
  2138 | D:4      | Reached XP level 5. HP: 32/45 MP: 4/4
  2246 | D:4      | Reached skill level 7 in Axes
  2379 | D:4      | Reached ** piety under Cheibriados
  2530 | D:4      | Found a shadowy altar of Dithmenos.
  2597 | D:4      | Found a staircase to the Ecumenical Temple.
  3029 | D:5      | Entered Level 5 of the Dungeon
  3052 | D:5      | Reached skill level 8 in Axes
  3052 | D:5      | Reached XP level 6. HP: 37/51 MP: 5/5
  3344 | D:5      | Reached skill level 9 in Axes
  3345 | D:5      | Slain by a gnoll

Illustrated notes

Levels and vault maps discovered:
D:1:      mrwooster_arrival_arrow, layout_rooms, minmay_stone_trees_small
D:2:      layout_loops_cross, serial_shops, shop
D:3:      layout_basic, vehumet_altar_wand_db,
          hellmonk_ecumenical_altar_watching_god
D:4:      layout_basic, nicolae_dithmenos_through_a_glass_darkly,
          minmay_temple_entry_fiery
D:5:      layout_gridville

Skill      XL: |  1  2  3  4  5  6 |
---------------+-------------------+-----
Axes           | 3 4 5 6 8 9 |  9.0
Fighting       | |  3.6
Armour         | |  3.6
Shields        | |  3.6

Action                   |  1- 3 |  4- 6 || total
-------------------------+-------+-------++-------
Melee: War axe           |    79 |    90 ||   169
       Headbutt          |    13 |    12 ||    25
  Use: Scroll            |       |     8 ||     8
Armor: Scale mail        |    21 |    32 ||    53
Dodge: Dodged            |    32 |    43 ||    75
Block: Buckler           |    13 |    27 ||    40

Table legend: (Time is in decaauts)
 A = Elapsed time spent in this place.
 B = Non-inter-level travel time spent in this place.
 C = Inter-level travel time spent in this place.
 D = Time resting spent in this place.
 E = Time spent auto-exploring this place.
 F = Levels seen in this place.
 G = Mean time per level.
                   A        B        C        D        E       F      G
               +--------+--------+--------+--------+--------+-----+--------+
         Total |   3784 |   3611 |    173 |    443 |   2705 |   5 |  756.8 |
       Dungeon |   3784 |   3611 |    173 |    443 |   2705 |   5 |  756.8 |
               +--------+--------+--------+--------+--------+-----+--------+

Top non-repeatable levels by time:
     D:4: 1256 daAuts
     D:2: 891 daAuts
     D:3: 837 daAuts
     D:1: 425 daAuts
     D:5: 373 daAuts
